[ AOE2 MATCH · #488507740 ]
UnrankedRomans vs Incas
Player's team · WIN
Rival team · LOSS
[ REPLAY ANALYSIS · EXTRACTED FROM THE RECORDED GAME ]
Feudal
9:21
Castle
21:47
Imperial
37:46
| APM avg | 42.3 |
| APM peak | 88 |
| eAPM avg | 21.9 |
| Villagers / military | 211 / 264 |
Focus
⚔️ 29.8% · 🌾 70.2%
Militia ×164 · Scorpion ×60 · Battering Ram ×30 · Petard ×3 · Mangonel ×3 · Monk ×2
Feudal
12:21
Castle
17:53
Imperial
—
| APM avg | 34.9 |
| APM peak | 67 |
| eAPM avg | 22.4 |
| Villagers / military | 150 / 221 |
Focus
⚔️ 43.0% · 🌾 57.0%
Kamayuk ×106 · Petard ×88 · Mangonel ×13 · Skirmisher ×7 · Battering Ram ×5 · Monk ×2
Match map
Initial resources + every placement click. Lines = walls · curves = elevation contours. ◆ gold · ⬟ stone · ● berries · ✦ relic · ◌ wall gap
Your base· ✓ Closed at 21:47 · 48t walls · 1 gate(s)
Henry The Lucky!'s base· Open — unwalled flank
Smoothed initial terrain · ◌ = detected wall gap · hover for details
Inputs per minute
— Warking - - Henry The Lucky!
Build order — Warking
First 150 of 546 actions detected
| 0:01 | Queue | Villager (Male) |
| 0:01 | Queue | Villager (Male) |
| 0:02 | Build | House |
| 0:04 | Build | House |
| 0:23 | Queue | Villager (Male) |
| 0:23 | Queue | Villager (Male) |
| 0:23 | Queue | Villager (Male) |
| 1:06 | Queue | Villager (Male) |
| 1:45 | Build | Lumber Camp |
| 1:55 | Queue | Villager (Male) |
| 2:18 | Queue | Villager (Male) |
| 2:18 | Queue | Villager (Male) |
| 2:40 | Queue | Villager (Male) |
| 2:55 | Queue | Villager (Male) |
| 3:43 | Queue | Villager (Male) |
| 3:46 | Queue | Villager (Male) |
| 3:54 | Build | House |
| 4:14 | Queue | Villager (Male) |
| 4:21 | Build | Mill |
| 4:24 | Queue | Villager (Male) |
| 4:52 | Queue | Villager (Male) |
| 4:53 | Queue | Villager (Male) |
| 6:02 | Build | House |
| 6:21 | Queue | Villager (Male) |
| 6:23 | Research | Loom |
| 6:56 | Build | Barracks |
| 7:11 | Research | Feudal Age |
| 7:51 | Queue | Militia |
| 7:51 | Queue | Militia |
| 8:30 | Build | Mining Camp |
| 8:35 | Queue | Militia |
| 9:08 | Queue | Villager (Male) |
| 9:09 | Queue | Villager (Male) |
| 9:21 | Age | Feudal Age |
| 9:22 | Research | Man-at-Arms (upgrade) |
| 9:25 | Research | Double-Bit Axe |
| 9:35 | Queue | Villager (Male) |
| 9:40 | Queue | Militia |
| 9:44 | Queue | Villager (Male) |
| 10:10 | Build | House |
| 10:21 | Queue | Militia |
| 10:36 | Build | House |
| 10:37 | Build | House |
| 10:39 | Queue | Villager (Male) |
| 10:46 | Research | Horse Collar |
| 10:53 | Build | Farm |
| 11:08 | Queue | Villager (Male) |
| 11:22 | Queue | Militia |
| 11:37 | Build | Farm |
| 11:39 | Build | Farm |
| 11:40 | Build | Farm |
| 11:44 | Build | House |
| 11:45 | Build | Palisade Wall |
| 11:47 | Build | Palisade Wall |
| 11:50 | Queue | Villager (Male) |
| 12:19 | Build | Lumber Camp |
| 12:21 | Queue | Villager (Male) |
| 12:25 | Queue | Militia |
| 12:30 | Queue | Villager (Male) |
| 12:45 | Build | Palisade Wall |
| 12:48 | Build | House |
| 12:50 | Build | Palisade Wall |
| 13:08 | Build | Farm |
| 13:14 | Build | Palisade Gate |
| 13:27 | Build | Palisade Wall |
| 13:29 | Queue | Villager (Male) |
| 13:38 | Build | Blacksmith |
| 13:41 | Queue | Villager (Male) |
| 14:02 | Build | Farm |
| 14:03 | Build | Farm |
| 14:09 | Build | Farm |
| 14:12 | Queue | Villager (Male) |
| 14:21 | Build | House |
| 14:44 | Build | Farm |
| 14:48 | Build | House |
| 14:51 | Build | House |
| 14:58 | Build | House |
| 14:59 | Build | Palisade Wall |
| 15:01 | Queue | Villager (Male) |
| 15:08 | Queue | Villager (Male) |
| 15:12 | Build | Farm |
| 15:18 | Build | Farm |
| 15:21 | Build | Farm |
| 15:38 | Queue | Villager (Male) |
| 15:40 | Build | Farm |
| 15:45 | Build | Farm |
| 15:52 | Queue | Villager (Male) |
| 16:00 | Build | Palisade Wall |
| 16:01 | Queue | Villager (Male) |
| 16:03 | Build | Palisade Wall |
| 16:09 | Build | Farm |
| 16:14 | Research | Forging |
| 16:16 | Queue | Villager (Male) |
| 16:33 | Build | Farm |
| 16:39 | Queue | Villager (Male) |
| 16:43 | Build | Farm |
| 16:48 | Build | Farm |
| 16:56 | Research | Scale Mail Armor |
| 17:01 | Queue | Villager (Male) |
| 17:02 | Queue | Villager (Male) |
| 17:18 | Queue | Villager (Male) |
| 17:23 | Build | Lumber Camp |
| 17:28 | Build | Farm |
| 17:41 | Build | House |
| 18:04 | Build | Market |
| 18:13 | Queue | Villager (Male) |
| 18:20 | Build | Farm |
| 18:23 | Build | Farm |
| 18:41 | Queue | Villager (Male) |
| 18:52 | Build | House |
| 18:55 | Build | Palisade Wall |
| 19:07 | Research | Castle Age |
| 19:15 | Build | Barracks |
| 19:36 | Queue | Villager (Male) |
| 19:45 | Queue | Villager (Male) |
| 20:07 | Research | Gold Mining |
| 20:38 | Build | House |
| 21:47 | Age | Castle Age |
| 21:48 | Build | Siege Workshop |
| 21:49 | Queue | Villager (Male) |
| 21:53 | Build | Town Center |
| 21:55 | Research | Gold Shaft Mining |
| 21:56 | Queue | Villager (Male) |
| 21:57 | Research | Bow Saw |
| 22:02 | Research | Chain Mail Armor |
| 22:10 | Research | Long Swordsman (upgrade) |
| 22:11 | Research | Squires |
| 22:20 | Queue | Villager (Male) |
| 22:27 | Queue | Scorpion |
| 22:35 | Build | Town Center |
| 22:53 | Queue | Scorpion |
| 22:57 | Queue | Villager (Male) |
| 23:04 | Queue | Villager (Male) |
| 23:11 | Queue | Militia |
| 23:11 | Queue | Militia |
| 23:13 | Queue | Scorpion |
| 23:19 | Queue | Villager (Male) |
| 23:22 | Queue | Villager (Male) |
| 23:38 | Queue | Villager (Male) |
| 23:58 | Queue | Villager (Male) |
| 24:04 | Queue | Scorpion |
| 24:05 | Queue | Villager (Male) |
| 24:11 | Queue | Militia |
| 24:11 | Queue | Villager (Male) |
| 24:13 | Build | Barracks |
| 24:15 | Queue | Villager (Male) |
| 24:15 | Queue | Villager (Male) |
| 24:18 | Build | Farm |
| 24:21 | Queue | Villager (Male) |
| 24:24 | Build | House |
Build order — Henry The Lucky!
First 150 of 461 actions detected
| 0:01 | Research | Loom |
| 0:04 | Build | House |
| 0:21 | Queue | Villager (Male) |
| 0:22 | Queue | Villager (Male) |
| 0:22 | Queue | Villager (Male) |
| 0:43 | Queue | Villager (Male) |
| 1:44 | Queue | Villager (Male) |
| 2:08 | Queue | Villager (Male) |
| 2:41 | Queue | Villager (Male) |
| 3:16 | Queue | Villager (Male) |
| 3:41 | Build | Settlement |
| 3:47 | Queue | Villager (Male) |
| 4:02 | Queue | Villager (Male) |
| 4:07 | Build | Outpost |
| 4:14 | Queue | Villager (Male) |
| 4:19 | Queue | Villager (Male) |
| 4:31 | Queue | Villager (Male) |
| 4:54 | Queue | Villager (Male) |
| 5:18 | Queue | Villager (Male) |
| 5:35 | Queue | Villager (Male) |
| 6:05 | Queue | Villager (Male) |
| 6:38 | Queue | Villager (Male) |
| 6:46 | Build | Barracks |
| 6:54 | Queue | Villager (Male) |
| 7:34 | Queue | Villager (Male) |
| 7:42 | Build | Settlement |
| 7:53 | Queue | Villager (Male) |
| 7:58 | Build | Settlement |
| 8:01 | Queue | Villager (Male) |
| 8:10 | Build | Palisade Wall |
| 8:27 | Build | Farm |
| 8:29 | Build | Farm |
| 8:44 | Build | Farm |
| 8:48 | Build | Palisade Wall |
| 8:52 | Build | Palisade Wall |
| 8:56 | Build | Palisade Wall |
| 9:34 | Queue | Villager (Male) |
| 9:46 | Build | Palisade Wall |
| 9:48 | Build | Palisade Wall |
| 9:49 | Build | Palisade Wall |
| 9:54 | Build | Palisade Wall |
| 9:54 | Build | Palisade Wall |
| 9:55 | Build | Palisade Wall |
| 9:58 | Build | House |
| 10:02 | Build | Palisade Wall |
| 10:12 | Research | Feudal Age |
| 10:54 | Queue | Villager (Male) |
| 11:14 | Build | Farm |
| 12:21 | Age | Feudal Age |
| 12:22 | Queue | Villager (Male) |
| 12:27 | Build | Watch Tower |
| 12:33 | Research | Double-Bit Axe |
| 12:38 | Research | Tech 1402 |
| 12:45 | Queue | Villager (Male) |
| 12:52 | Build | Farm |
| 12:59 | Build | Farm |
| 13:29 | Build | Stone Wall |
| 13:30 | Build | Stone Wall |
| 13:31 | Build | Stone Wall |
| 13:39 | Build | Stone Wall |
| 13:41 | Build | Stone Wall |
| 13:42 | Build | Stone Wall |
| 13:45 | Build | Stone Wall |
| 13:51 | Queue | Villager (Male) |
| 13:52 | Research | Town Watch |
| 13:55 | Build | Archery Range |
| 14:00 | Build | Stone Wall |
| 14:42 | Build | Blacksmith |
| 14:48 | Queue | Villager (Male) |
| 15:10 | Research | Castle Age |
| 15:22 | Research | Fletching |
| 15:25 | Queue | Skirmisher |
| 15:35 | Build | Farm |
| 15:38 | Build | Farm |
| 16:01 | Queue | Skirmisher |
| 16:02 | Research | Padded Archer Armor |
| 16:17 | Build | Palisade Wall |
| 16:34 | Build | House |
| 16:47 | Build | Farm |
| 17:05 | Queue | Skirmisher |
| 17:05 | Queue | Skirmisher |
| 17:50 | Queue | Villager (Male) |
| 17:53 | Age | Castle Age |
| 17:54 | Research | Bodkin Arrow |
| 17:56 | Queue | Petard |
| 18:09 | Build | Settlement |
| 18:15 | Queue | Villager (Male) |
| 18:16 | Queue | Petard |
| 18:35 | Queue | Petard |
| 18:49 | Queue | Petard |
| 18:51 | Queue | Villager (Male) |
| 19:10 | Build | University |
| 19:17 | Queue | Villager (Male) |
| 19:34 | Queue | Petard |
| 19:35 | Queue | Villager (Male) |
| 19:42 | Queue | Petard |
| 20:02 | Queue | Villager (Male) |
| 20:07 | Build | Outpost |
| 20:12 | Queue | Petard |
| 20:13 | Queue | Villager (Male) |
| 20:39 | Research | Bow Saw |
| 20:59 | Build | Outpost |
| 21:01 | Queue | Villager (Male) |
| 21:08 | Research | Ballistics |
| 21:20 | Build | Farm |
| 21:28 | Build | Farm |
| 21:29 | Queue | Villager (Male) |
| 21:32 | Queue | Petard |
| 21:39 | Build | Farm |
| 21:46 | Queue | Villager (Male) |
| 21:50 | Build | Farm |
| 21:50 | Build | Farm |
| 22:03 | Build | Farm |
| 22:05 | Queue | Petard |
| 22:20 | Build | Stone Wall |
| 22:24 | Queue | Petard |
| 22:30 | Build | Farm |
| 22:32 | Build | Farm |
| 22:33 | Queue | Villager (Male) |
| 22:46 | Build | Outpost |
| 22:50 | Queue | Petard |
| 22:51 | Queue | Villager (Male) |
| 23:13 | Build | Farm |
| 23:18 | Build | Farm |
| 23:21 | Queue | Petard |
| 23:21 | Queue | Villager (Male) |
| 23:29 | Queue | Petard |
| 23:41 | Queue | Villager (Male) |
| 23:49 | Build | House |
| 24:05 | Build | Castle |
| 24:09 | Queue | Skirmisher |
| 24:11 | Queue | Villager (Male) |
| 24:16 | Build | Farm |
| 24:17 | Build | Farm |
| 24:20 | Build | Outpost |
| 24:30 | Queue | Villager (Male) |
| 24:31 | Queue | Petard |
| 24:53 | Queue | Petard |
| 24:53 | Queue | Villager (Male) |
| 24:56 | Research | Squires |
| 25:19 | Build | Monastery |
| 25:20 | Queue | Villager (Male) |
| 25:25 | Research | Andean Sling |
| 25:42 | Research | Arson |
| 25:47 | Build | House |
| 25:59 | Queue | Villager (Male) |
| 26:28 | Queue | Kamayuk |
| 26:28 | Queue | Kamayuk |
| 26:29 | Queue | Kamayuk |
| 26:42 | Queue | Kamayuk |
Match timeline
| 6:46 | Henry The Lucky! · first_building Barracks |
| 6:56 | Warking · first_building Barracks |
| 8:10 | Henry The Lucky! · wall_segment Palisade Wall x4 |
| 8:48 | Henry The Lucky! · wall_segment Palisade Wall x1 |
| 8:52 | Henry The Lucky! · wall_segment Palisade Wall x1 |
| 8:56 | Henry The Lucky! · wall_segment Palisade Wall x3 |
| 9:21 | Warking · age_up feudal |
| 9:46 | Henry The Lucky! · wall_segment Palisade Wall x1 |
| 9:48 | Henry The Lucky! · wall_segment Palisade Wall x1 |
| 9:49 | Henry The Lucky! · wall_segment Palisade Wall x1 |
| 9:54 | Henry The Lucky! · wall_segment Palisade Wall x1 |
| 9:54 | Henry The Lucky! · wall_segment Palisade Wall x1 |
| 9:55 | Henry The Lucky! · wall_segment Palisade Wall x1 |
| 10:02 | Henry The Lucky! · wall_segment Palisade Wall x1 |
| 11:45 | Warking · wall_segment Palisade Wall x2 |
| 11:47 | Warking · wall_segment Palisade Wall x4 |
| 12:21 | Henry The Lucky! · age_up feudal |
| 12:45 | Warking · wall_segment Palisade Wall x1 |
| 12:50 | Warking · wall_segment Palisade Wall x6 |
| 13:27 | Warking · wall_segment Palisade Wall x16 |
| 13:29 | Henry The Lucky! · wall_segment Stone Wall x1 |
| 13:30 | Henry The Lucky! · wall_segment Stone Wall x1 |
| 13:31 | Henry The Lucky! · wall_segment Stone Wall x1 |
| 13:39 | Henry The Lucky! · wall_segment Stone Wall x1 |
| 13:41 | Henry The Lucky! · wall_segment Stone Wall x1 |
| 13:42 | Henry The Lucky! · wall_segment Stone Wall x1 |
| 13:45 | Henry The Lucky! · wall_segment Stone Wall x1 |
| 13:55 | Henry The Lucky! · first_building Archery Range |
| 14:00 | Henry The Lucky! · wall_segment Stone Wall x1 |
| 14:59 | Warking · wall_segment Palisade Wall x1 |
| 16:00 | Warking · wall_segment Palisade Wall x8 |
| 16:03 | Warking · wall_segment Palisade Wall x1 |
| 16:17 | Henry The Lucky! · wall_segment Palisade Wall x3 |
| 17:53 | Henry The Lucky! · age_up castle |
| 18:55 | Warking · wall_segment Palisade Wall x10 |
| 19:03 | Warking · first_market_buy 100 food |
| 21:47 | Warking · age_up castle |
| 21:48 | Warking · first_building Siege Workshop |
| 22:20 | Henry The Lucky! · wall_segment Stone Wall x4 |
| 24:05 | Henry The Lucky! · first_building Castle |
| 25:19 | Henry The Lucky! · first_building Monastery |
| 28:19 | Henry The Lucky! · wall_segment Stone Wall x1 |
| 29:08 | Henry The Lucky! · first_building Siege Workshop |
| 32:34 | Warking · first_building Castle |
| 37:46 | Warking · age_up imperial |
| 41:19 | Warking · first_market_sell 500 food |
| 43:23 | Henry The Lucky! · wall_segment Stone Wall x9 |
| 47:39 | Warking · first_building Monastery |
| 48:16 | Henry The Lucky! · wall_segment Stone Wall x13 |
| 51:00 | Henry The Lucky! · wall_segment Palisade Wall x2 |
| 51:01 | Henry The Lucky! · wall_segment Palisade Wall x1 |
| 51:02 | Henry The Lucky! · wall_segment Palisade Wall x1 |
| 54:19 | Henry The Lucky! · resign |
[ AI ANALYSIS · 1 CREDIT ]
What really happened in this match?
Wolo.gg analyzes every decision: build order, eco, micro, common mistakes by bracket. Personalized analysis on WhatsApp or Discord in 30 seconds.
Civ guide
Romans
Perfil
Jugador #3429271